 Dungeon Crawl Stone Soup version 0.30.0-10-gfe55d96785 (webtiles) character file.

Game seed: 8087453876539120275

2042 garrulousMonolith the Chopper (level 9, -4/69 HPs)
             Began as a Demonspawn Berserker on May 14, 2023.
             Was an Elder of Trog.
             Slain by a water moccasin (7 damage)
             ... on level 7 of the Dungeon.
             The game lasted 00:09:07 (5371 turns).

garrulousMonolith the Chopper (DsBe)                Turns: 5371, Time: 00:09:07

Health: -4/69      AC: 17    Str: 21    XL:     9   Next: 4%
Magic:  0/9        EV: 10    Int: 10    God:    Trog [****..]
Gold:   400        SH:  0    Dex: 12    Spells: 8/8 levels left

rFire   . . .        a - +0 war axe
rCold   . . .        (no shield)
rNeg    . . .        C - +0 chain mail
rPois   .            (no helmet)
rElec   .            B - +0 cloak
rCorr   .            i - +2 pair of gloves
SInv    .            (no boots)
Will    ++...        (no amulet) Stlth
                     (no ring)
HPRegen 1.31/turn    (no ring)
MPRegen 0.22/turn

%: guardian spirit
@: strong-willed, on berserk cooldown, regenerating, slowed, very slow
A: icy blue scales 2, foul stench 1, magic shield, magic regeneration, weakness
stinger 1
a: Renounce Religion, Berserk, Trog's Hand, Brothers in Arms


You were on level 7 of the Dungeon.
You worshipped Trog.
Trog was greatly pleased with you.
You visited 2 branches of the dungeon, and saw 8 of its levels.
You also visited: Sewer.

You collected 400 gold pieces.

Inventory:

Hand Weapons
 a - a +0 war axe (weapon)
 m - a +0 lajatang
 p - the +1 dagger of Qyned {flame, rPois rF+ Will+++ Int-5}
   (You found it on level 2 of the Dungeon)

   Int:       It affects your intelligence (-5).
   rF:        It protects you from fire.
   rPois:     It protects you from poison.
   Will:      It greatly increases your willpower.
 z - a +2 dagger of venom
Missiles
 q - 9 javelins (quivered)
Armour
 i - a +2 pair of gloves (worn)
 B - a +0 cloak (worn)
 C - a +0 chain mail (worn)
Wands
 v - a wand of flame (15)
Scrolls
 c - 2 scrolls of amnesia {unknown}
 f - 6 scrolls of teleportation {unknown}
 n - a scroll of immolation {unknown}
 t - a scroll of enchant armour
 u - a scroll of brand weapon {unknown}
 w - a scroll of torment {unknown}
 x - a scroll of magic mapping {unknown}
 y - a scroll of acquirement {unknown}
 A - a scroll of enchant weapon {unknown}
 D - a scroll of vulnerability {unknown}
Potions
 b - 2 potions of heal wounds
 d - a potion of brilliance
 e - 2 potions of invisibility {unknown}
 g - 2 potions of might
 h - 3 potions of attraction {unknown}
 j - 2 potions of lignification {unknown}
 o - 2 potions of curing
 r - a potion of haste
 s - a potion of flight {unknown}


   Skills:
 + Level 6.1 Fighting
 * Level 7.4 Axes
 + Level 5.1 Armour
 + Level 5.1 Dodging


You had 8 spell levels left.
You didn't know any spells.
Your spell library was empty.

Dungeon Overview and Level Annotations

Branches:
Dungeon (7/15)             Temple (1/1) D:5           Sewer (visited)

Altars:
Ashenzari
Cheibriados
Dithmenos
Fedhas
Hepliaklqana
Kikubaaqudgha
Makhleb
Nemelex Xobeh
Okawaru
Qazlal
Ru
Trog
Wu Jian
Xom
Yredelemnul

Annotations:
Temple 4 transporters


Innate Abilities, Weirdness & Mutations

You are mostly covered in icy blue scales. (AC +3)
You may rarely emit foul miasma when damaged in melee.
When hurt, damage is shared between your health and your magic reserves.
You regenerate magic rapidly.
You have a small tail.


Message History

You hit the gnoll.
The gnoll is no longer moving quickly.
The water moccasin barely misses you. The gnoll misses you.
The water moccasin bites you but does no damage.
The gnoll hits you from afar with a +0 spear.
The gnoll hits you with a +0 flail!
* * * LOW HITPOINT WARNING * * *
The water moccasin barely misses you.
You feel much better. The gnoll barely misses you.
The water moccasin bites you but does no damage.
The gnoll splashes around in the water.
The gnoll hits you but does no damage. The water moccasin barely misses you.
You closely miss the water moccasin.
The water moccasin is severely wounded.
You hit the gnoll. The gnoll barely misses you.
The water moccasin bites you but does no damage.
The gnoll hits you from afar with a +0 spear.
The gnoll hits you but does no damage.
The water moccasin bites you but does no damage.
The gnoll hits you from afar with a +0 spear.
You hit the water moccasin.
The water moccasin is severely wounded.
You hit the gnoll.
You kill the gnoll!
Trog accepts your kill.
You hear a splash.
The water moccasin bites you! The wyvern barely misses you.
The water moccasin bites you.
* * * LOW HITPOINT WARNING * * *
The gnoll closely misses you. The wyvern barely misses you.
The water moccasin barely misses you.
Your skin crawls.
You feel strong-willed. The wyvern barely misses you.
The gnoll hits you from afar with a +0 spear.
* * * LOW HITPOINT WARNING * * *
The water moccasin bites you but does no damage.
The wyvern bites you!
* * * LOW HITPOINT WARNING * * *
The gnoll hits you but does no damage. The water moccasin bites you!
You die...

..... ###.#.... ......
#.........
......##.........
................ #
#............##
..#.............#
......g)...$....#.
....8.8lS)........
.......@.††)......
......8...........
..#.......##......
##.............).
#..#...###.......
#......# ..##....
##.....###..#.###......
#.........##.##.......
###.......#...........


You could see a water moccasin, a wyvern and a gnoll.

Vanquished Creatures
  2 water moccasins
  Pargi (Sewer)
  3 sky beasts
  An ice beast (D:7)
  An orc warrior (D:7)
  A centaur (D:6)
  2 phantoms
  A bullfrog (D:7)
  3 scorpions
  3 howler monkeys (D:7)
  2 hounds
  3 orc priests
  2 gnoll boudas
  Jessica (D:3)
  An iguana (D:6)
  Ijyb (D:3)
  2 orc wizards
  Robin (D:3)
  12 gnolls
  7 adders
  A river rat (D:3)
  A shadow imp (D:6)
  A worm (D:4)
  2 dart slugs
  24 orcs
  8 bats
  7 endoplasms
  3 giant cockroaches
  17 goblins
  9 hobgoblins
  4 jackals (D:1)
  3 quokkas
  8 ball pythons
  10 frilled lizards
  8 kobolds
  7 rats
163 creatures vanquished.

Notes
Turn   | Place    | Note
-------+----------+-------------------------------------------
     0 | D:1      | garrulousMonolith the Demonspawn Berserker began the quest
                  | for the Orb.
     0 | D:1      | Reached XP level 1. HP: 18/18 MP: 1/1
   164 | D:1      | Gained mutation: You regenerate magic rapidly. [demonic
                  | ancestry]
   164 | D:1      | Reached XP level 2. HP: 14/24 MP: 2/2
   171 | D:1      | Reached skill level 3 in Axes
   598 | D:1      | Gained mutation: When hurt, damage is shared between your
                  | health and your magic reserves. [demonic ancestry]
   598 | D:1      | Reached XP level 3. HP: 23/29 MP: 3/3
   758 | D:1      | Reached ** piety under Trog
  1460 | D:2      | Gained mutation: You have a small tail. [demonic ancestry]
  1460 | D:2      | Reached XP level 4. HP: 34/35 MP: 4/4
  1630 | D:2      | Identified the +1 dagger of Qyned {flame, rPois rF+ Will+++
                  | Int-5}
  1929 | D:3      | Noticed Jessica
  1934 | D:3      | Killed Jessica
  1935 | D:3      | Gained mutation: You are partially covered in icy blue
                  | scales. (AC +2) [demonic ancestry]
  1935 | D:3      | Reached XP level 5. HP: 29/42 MP: 3/5
  2015 | D:3      | Found a glowing drain.
  2029 | D:3      | Reached skill level 4 in Axes
  2036 | Sewer    | Entered a sewer
  2057 | Sewer    | Noticed Pargi
  2068 | Sewer    | Killed Pargi
  2274 | D:3      | Gained mutation: You may rarely emit foul miasma when
                  | damaged in melee. [demonic ancestry]
  2274 | D:3      | Reached XP level 6. HP: 48/48 MP: 6/6
  2299 | D:3      | Found a bloodstained altar of Trog.
  2309 | D:3      | Noticed Robin
  2315 | D:3      | Reached *** piety under Trog
  2324 | D:3      | Killed Robin
  2430 | D:3      | Noticed Ijyb
  2442 | D:3      | Killed Ijyb
  3337 | D:4      | Reached skill level 5 in Axes
  3337 | D:4      | Reached XP level 7. HP: 55/55 MP: 7/7
  3429 | D:4      | Found a stormy altar of Qazlal.
  3432 | D:4      | Found a snail-covered altar of Cheibriados.
  3650 | D:5      | Entered Level 5 of the Dungeon
  3769 | D:5      | Found a staircase to the Ecumenical Temple.
  3792 | D:5      | Reached **** piety under Trog
  4255 | Temple   | Entered the Ecumenical Temple
  4255 | Temple   | Found a transporter.
  4255 | Temple   | Found a transporter.
  4257 | Temple   | Found a transporter.
  4257 | Temple   | Found a transporter.
  4328 | D:6      | Reached skill level 5 in Fighting
  4468 | D:6      | Gained mutation: You are mostly covered in icy blue scales.
                  | (AC +3) [demonic ancestry]
  4468 | D:6      | Reached XP level 8. HP: 48/62 MP: 5/8
  4475 | D:6      | Reached skill level 6 in Axes
  5348 | D:7      | Reached skill level 7 in Axes
  5351 | D:7      | Reached skill level 5 in Armour
  5351 | D:7      | Reached skill level 5 in Dodging
  5351 | D:7      | Reached XP level 9. HP: 37/69 MP: 4/9
  5371 | D:7      | HP: 3/69 [wyvern (11)]
  5371 | D:7      | Slain by a water moccasin

Illustrated notes

Levels and vault maps discovered:
D:1:      dpeg_arrival_castle, layout_basic
D:2:      cheibrodos_pilgrimage, layout_rooms, minmay_split_cup_large
D:3:      layout_loops_ring, nicolae_overflow_crystal_walls,
          cheibrodos_sewer_entry_sluice, saegor_snake_ambush, uniq_jessica,
          uniq_ijyb, uniq_robin
D:4:      layout_gridville, nicolae_overflow_squiral
D:5:      layout_rooms, minmay_temple_entry_mist, kennysheep_flooded_box,
          nicolae_underground_beach
D:6:      layout_loops_ring, serial_glass, glass_columns_b, glass_columns_a
D:7:      layout_cave_pools, serial_column_ruins, column_ruins_open_tiny,
          column_ruins_grid_3, column_ruins_grid_1, column_ruins_columns_corner,
          column_ruins_columns_corner, grunt_decor_fettered
Temple:   hellmonk_temple_divided_pantheon

Skill      XL: |  1  2  3  4  5  6  7  8 |
---------------+-------------------------+-----
Armour         | 2 3 4 5 |  5.1
Axes           | 3 4 5 7 |  7.4
Dodging        | 2 3 4 5 |  5.1
Fighting       | 4 5 6 |  6.1

Action                     |  1- 3 |  4- 6 |  7- 9 || total
---------------------------+-------+-------+-------++-------
  Melee: Hand axe          |   111 |       |       ||   111
         Punch             |     2 |     1 |     1 ||     4
         War axe           |    13 |   149 |   160 ||   322
         Lajatang          |       |     6 |       ||     6
         Tailslap          |       |    16 |    18 ||    34
 Invoke: Berserk           |     3 |     2 |     3 ||     8
         Trog's Hand       |     1 |     1 |     3 ||     5
  Evoke: Wand              |       |       |     1 ||     1
    Use: Scroll            |       |     4 |     1 ||     5
         Potion            |       |     1 |     3 ||     4
   Stab: Sleeping          |     1 |       |       ||     1
 Armour: Animal skin       |    27 |       |       ||    27
         Leather armour    |     9 |       |       ||     9
         Ring mail         |     9 |       |       ||     9
         Scale mail        |     5 |   117 |    92 ||   214
         Chain mail        |       |       |    62 ||    62
  Dodge: Dodged            |    89 |   108 |   134 ||   331
